 Dungeon Crawl Stone Soup version 0.17-a0-1731-g129c023 (webtiles) character file.

398 matakusis the Ducker (level 6, -10/47 HPs)
             Began as a Demonspawn Gladiator on Aug 29, 2015.
             Mangled by a gnoll sergeant
             ... wielding a +0 spear of distortion
              (25 damage)
             ... on level 5 of the Dungeon.
             The game lasted 00:13:27 (3805 turns).

matakusis the Ducker (Demonspawn Gladiator)         Turns: 3805, Time: 00:13:27

Health: -10/47     AC:  6    Str: 15      XL:     6   Next: 53%
Magic:  6/6        EV: 13    Int:  9      God:
Gold:   196        SH:  5    Dex: 13 (16) Spells: 0 memorised, 5 levels left

rFire  . . .     SeeInvis .     a - +1 war axe
rCold  . . .     Clarity  +     b - +0 leather armour
rNeg   . . .     SustAt   .     m - +1 buckler
rPois  .         Gourm    .     x - +1 hat
rElec  .         Spirit   .     p - +0 cloak
rCorr  .         Warding  .     (no gloves)
rMut   .         Stasis   .     (no boots)
MR     .....                    (no amulet)
Stlth  +.........               (no ring)
                                (no ring)

@: not resistant to hostile enchantments, very unstealthy
A: hooves 1, molten scales 1, clarity, deterioration 1, powered by death 2
a: no special abilities


You were on level 5 of the Dungeon.
You were not hungry.

You visited 1 branch of the dungeon, and saw 5 of its levels.

You collected 196 gold pieces.

Inventory:

Hand weapons
 a - a +1 war axe (weapon)
 u - the +5 dagger of Xaqu {freeze, rPois Int-3 SInv}
   (You found it on level 4 of the Dungeon)

   It has been specially enchanted to freeze those struck by it, causing extra
   injury to most foes and up to half again as much damage against particularly
   susceptible opponents.
   It can also slow down cold-blooded creatures.
   It affects your intelligence (-3).
   It protects you from poison.
   It lets you see invisible.
Missiles
 d - 3 throwing nets (quivered)
Armour
 b - a +0 leather armour (worn)
 m - a +1 buckler (worn)
 p - a +0 cloak (worn)
 x - a +1 hat (worn)
Magical devices
 h - a wand of lightning (2)
Scrolls
 j - a scroll of enchant weapon
 o - a scroll of enchant armour
 q - a scroll of remove curse
Potions
 c - 2 potions of berserk rage
 k - a potion of magic
 s - a potion of agility
Comestibles
 e - a bread ration
 f - 2 meat rations
 g - 13 fruits
 i - 2 beef jerkies
 t - a royal jelly


   Skills:
 + Level 3.0 Fighting
 * Level 3.6 Axes
 - Level 1.7 Throwing
 + Level 1.4 Armour
 * Level 5.1 Dodging
 * Level 1.9 Shields


You had 5 spell levels left.
You didn't know any spells.

Dungeon Overview and Level Annotations

Branches:
Dungeon (5/15)
 Temple: D:4-7

Altars:


Innate Abilities, Weirdness & Mutations

You have large cloven feet.
You are partially covered in molten scales (AC +1).
You regenerate health from kills.
You possess an exceptional clarity of mind.
Your body sometimes deteriorates upon taking damage.


Message History

You kick the ice beast, but do no damage.
The ice beast closely misses you.
The +5 dagger of Xaqu {freeze, rPois Int-3 SInv} stops glowing.
a - a +1 war axe (weapon)
The ice beast hits you. The ice beast freezes you!
Your shield prevents you from hitting the ice beast.
Your kick misses the ice beast. The ice beast hits you.
The ice beast freezes you!
You slash the ice beast! Your kick misses the ice beast.
The ice beast is moderately wounded.
The ice beast hits you but does no damage.
The gnoll sergeant closely misses you.
Drink which item? (? for menu, Esc to quit)
You're too hungry to go berserk.
Eat which item? (? for menu, Esc to quit)
The ice beast misses you.
The gnoll sergeant hits you from afar with a spear of distortion.
Space warps horribly around you!
Ouch! That really hurt!
You die...

.. #.#
################ #.#
#..............# #.#
#.############.# #.#
#.# #......#.# #.# #.#
#.####.#.#
###.###.#####.#..#.#.#
................@Ygg.#
###.###.........>#g..#
#.# #........<.#...#
#.# #.........##...#
#.# #............#...
#.###(#####†#####gg...
###.#.........# ..g...
...............
......>
###.#.#.......#.
#.......


You could see an ice beast, a gnoll sergeant and 2 gnolls.

Vanquished Creatures
  A phantom (D:4)
  A scorpion (D:5)
  A centaur skeleton (D:4)
  Ijyb (D:4)
  An orc priest (D:3)
  A worker ant (D:4)
  7 adders
  2 oozes (D:3)
  2 worms
  A giant gecko (D:2)
  4 orcs
  3 hobgoblins
  6 jackals
  5 kobolds
  14 bats
  3 giant cockroaches
  A giant gecko zombie (D:5)
  4 giant newts
  12 goblins
  5 rats
75 creatures vanquished.

Notes
Turn   | Place    | Note
--------------------------------------------------------------
     0 | D:1      | matakusis the Demonspawn Gladiator began the quest for the Orb.
     0 | D:1      | Reached XP level 1. HP: 16/16 MP: 1/1
   252 | D:1      | Reached skill level 3 in Dodging
   698 | D:1      | Gained mutation: You are partially covered in molten scales (AC +1). [demonic ancestry]
   698 | D:1      | Reached XP level 2. HP: 9/22 MP: 2/2
  1811 | D:2      | Gained mutation: You have large cloven feet. [demonic ancestry]
  1811 | D:2      | Reached XP level 3. HP: 27/27 MP: 3/3
  2472 | D:3      | Reached skill level 1 in Shields
  2472 | D:3      | Gained mutation: You regenerate a little health from kills. [demonic ancestry]
  2472 | D:3      | Reached XP level 4. HP: 23/34 MP: 4/4
  2757 | D:3      | Reached skill level 4 in Dodging
  3018 | D:3      | Gained mutation: You expend magic power (3 MP) to strengthen your wands. [potion of mutation]
  3018 | D:3      | Lost mutation: You expend magic power (3 MP) to strengthen your wands. [potion of mutation]
  3018 | D:3      | Gained mutation: You possess an exceptional clarity of mind. [potion of mutation]
  3034 | D:4      | Reached skill level 1 in Armour
  3034 | D:4      | Gained mutation: You regenerate health from kills. [demonic ancestry]
  3034 | D:4      | Reached XP level 5. HP: 39/39 MP: 5/5
  3073 | D:4      | Noticed a phantom
  3094 | D:4      | Killed a phantom
  3208 | D:4      | Reached XP level 6. HP: 36/46 MP: 6/6
  3332 | D:4      | Noticed Ijyb
  3348 | D:4      | Killed Ijyb
  3348 | D:4      | Reached skill level 5 in Dodging
  3471 | D:4      | Got an ichor-stained dagger
  3472 | D:4      | Identified the +5 dagger of Xaqu {freeze, rPois Int-3 SInv} (You found it on level 4 of the Dungeon)
  3682 | D:5      | Entered Level 5 of the Dungeon
  3698 | D:5      | Gained mutation: Your body sometimes deteriorates upon taking damage. [potion of mutation]
  3805 | D:5      | Mangled by a gnoll sergeant

Vault maps used:
D:1:      dpeg_arrival_court
D:2:      minmay_distorted
D:4:      kennysheep_goblin_castle
D:5:      temple_doors_b, serial_shops, nicolae_shop_scaring_up_business,
          shop_fountains, first_bread, uniq_grinder

Action                   |  1- 3 |  4- 6 || total
-------------------------+-------+-------++-------
Melee: War axe           |   145 |   100 ||   245
       Dagger            |       |    29 ||    29
  Use: Potion            |     1 |     8 ||     9
       Scroll            |       |    13 ||    13
 Stab: Sleeping          |     1 |       ||     1
  Eat: Chunk             |     5 |     3 ||     8
       Bread ration      |       |     1 ||     1
